 Dungeon Crawl Stone Soup version 0.30-a0-760-g5a9884bb7c (webtiles) character file.

Game seed: 5891652383738332006

138 skittles the Sneak (level 5, 0/39 HPs)
             Began as a Merfolk Brigand on Feb 11, 2023.
             Slain by an orc
             ... wielding a +0 flail
              (3 damage)
             ... on level 3 of the Dungeon.
             The game lasted 00:06:28 (2041 turns).

skittles the Sneak (Merfolk Brigand)                Turns: 2041, Time: 00:06:29

Health: 0/39       AC:  5    Str: 11    XL:     5   Next: 21%
Magic:  5/5        EV: 12    Int: 10    God:
Gold:   198        SH:  0    Dex: 18    Spells: 4/4 levels left

rFire   . . .      SeeInvis .    j - +0 spear
rCold   + . .      Faith    .    (no shield)
rNeg    . . .      Spirit   .    m - +1 leather armour
rPois   .          Reflect  .    (no helmet)
rElec   .          Harm     .    c - +0 cloak
rCorr   .          Rampage  .    (no gloves)
Will    .....                    (no boots)
Stlth   +++                      (no amulet)
HPRegen 0.26/turn                (no ring)
MPRegen 0.09/turn                (no ring)

@: no status effects
A: (nimble swimmer 2), mertail, cold resistance 1, noise suppression
a: no special abilities


You were on level 3 of the Dungeon.
You visited 1 branch of the dungeon, and saw 3 of its levels.

You collected 198 gold pieces.

Inventory:

Hand Weapons
 a - a +3 dagger
 j - a +0 spear (weapon)
 k - a +0 short sword
Missiles
 d - 9 poisoned darts (quivered)
 e - 3 curare-tipped darts
Armour
 b - a +0 robe
 c - a +0 cloak (worn)
 m - a +1 leather armour (worn)
Scrolls
 g - a scroll of noise {unknown}
 h - 4 scrolls of enchant armour
 i - 2 scrolls of teleportation
Potions
 f - a potion of cancellation


   Skills:
 - Level 2.6 Fighting
 - Level 2.4 Short Blades
 * Level 1.1 Polearms
 - Level 2.0 Throwing
 * Level 2.9 Dodging
 + Level 6.5 Stealth


You had 4 spell levels left.
You didn't know any spells.
Your spell library contained the following spells:

 Spells                   Type           Power      Damage    Failure   Level
 Inner Flame              Hex/Fire       0%         N/A       83%         3
 Cause Fear               Hex            0%         N/A       99%         4
 Discord                  Hex            0%         N/A       100%        8


Dungeon Overview and Level Annotations

Branches:
Dungeon (3/15)

Altars:

Shops:
D:2 [   D:3 :


Innate Abilities, Weirdness & Mutations

((You are very nimble when in or above water. (Stealth+, EV+, Speed+++)))
Your lower body shifts to a powerful aquatic tail in water.
Your flesh is cold resistant. (rC+)
You passively dampen the noise of your surroundings.


Message History

The orc attacks as you move away! The orc closely misses you.
Things that are here:
a rat corpse; a jackal corpse The orc attacks as you move away!
The orc hits you with a +0 flail!
* * * LOW HITPOINT WARNING * * *
It was a potion of curing.
You feel better. The orc hits you with a +0 flail.
Really quaff the potion of mutation?
You feel extremely strange.
You feel resistant to cold.
You feel your surroundings grow quieter.
The orc closely misses you.
You hit the orc but do no damage. The orc barely misses you.
You hit the orc.
The orc is lightly wounded.
The orc closely misses you. The orc barely misses you.
You closely miss the orc.
The orc is lightly wounded.
The orc hits you with a +0 flail.
You closely miss the orc.
The orc is lightly wounded.
The orc hits you with a +0 flail.
You hit the orc.
The orc is heavily wounded.
The orc barely misses you.
You hit the orc.
The orc is heavily wounded.
The orc hits you with a +0 flail.
* * * LOW HITPOINT WARNING * * *
You closely miss the orc.
The orc is heavily wounded.
The giant cockroach dissolves into shadows!
The orc misses you.
You hit the orc but do no damage.
The orc is heavily wounded.
The orc hits you with a +0 flail.
* * * LOW HITPOINT WARNING * * *
You hit the orc.
The orc is heavily wounded.
The orc hits you with a +0 flail.
You die...

........#
###.######
........##
#.......###
...$.....#
#.#.##.##..
.........#
#...##.#...
######.#r#
#......#... #.#h#
#..#####... ..#K#
#......'... ####o#
.#########... #@#
.#...........
#.###.#.###.##.##.
#.....#...........
#.....####.###....
######.....# #.#
#...# ...........#
#.###....
#######....#
#......#.
#....#########.#.
#....#..)........


You could see an orc, a jackal, a kobold and a rat (summoned).

Vanquished Creatures
  An iguana (D:2)
  2 adders (D:2)
  A worm (D:2)
  2 dart slugs
  6 orcs (D:3)
  11 bats
  7 endoplasms
  6 giant cockroaches
  3 goblins
  7 hobgoblins
  8 jackals
  2 quokkas
  5 ball pythons
  3 frilled lizards
  2 kobolds (D:2)
  9 rats
75 creatures vanquished.

Notes
Turn   | Place    | Note
-------+----------+-------------------------------------------
     0 | D:1      | skittles the Merfolk Brigand began the quest for the Orb.
     0 | D:1      | Reached XP level 1. HP: 16/16 MP: 1/1
   196 | D:1      | Reached XP level 2. HP: 22/22 MP: 2/2
   219 | D:1      | Reached skill level 5 in Stealth
   497 | D:1      | Reached XP level 3. HP: 27/27 MP: 3/3
  1007 | D:2      | Reached skill level 6 in Stealth
  1028 | D:2      | Reached XP level 4. HP: 34/34 MP: 4/4
  1237 | D:2      | HP: 1/34 [iguana (1)]
  1274 | D:2      | HP: 1/34 [dart slug/slug dart (2)]
  1405 | D:2      | Found Rounoirgh's Armour Boutique.
  1709 | D:3      | Reached XP level 5. HP: 27/39 MP: 5/5
  1872 | D:3      | Found Ratunn's Book Shoppe.
  1930 | D:3      | Reached skill level 1 in Polearms
  2032 | D:3      | Gained mutation: Your flesh is cold resistant. (rC+)
                  | [potion of mutation]
  2032 | D:3      | Gained mutation: You passively dampen the noise of your
                  | surroundings. [potion of mutation]
  2041 | D:3      | Slain by an orc

Illustrated notes

Levels and vault maps discovered:
D:1:      amcnicky_arrival_double_pillar, layout_loops_cross,
          minmay_split_cup_large
D:2:      minmay_general_purpose_star, layout_rooms, serial_shops, shop
D:3:      layout_basic, nicolae_overflow_hidden_temple, serial_shops, shop

Skill      XL: |  1  2  3  4  5 |
---------------+----------------+-----
Stealth        | 5 6 |  6.5
Dodging        | 2 |  2.9
Polearms       | 1 |  1.1
Fighting       | |  2.6
Short Blades   | |  2.4
Throwing       | |  2.0

Action                     |  1- 3 |  4- 6 || total
---------------------------+-------+-------++-------
  Melee: Dagger            |   113 |    67 ||   180
         Punch             |     1 |     4 ||     5
         Spear             |       |   113 ||   113
  Throw: Dart              |       |     3 ||     3
    Use: Scroll            |     4 |     2 ||     6
         Potion            |     2 |     6 ||     8
   Stab: Sleeping          |    15 |    11 ||    26
 Armour: Robe              |    19 |       ||    19
         Leather armour    |     7 |    68 ||    75
  Dodge: Dodged            |    52 |   130 ||   182

Table legend: (Time is in decaauts)
 A = Elapsed time spent in this place.
 B = Non-inter-level travel time spent in this place.
 C = Inter-level travel time spent in this place.
 D = Time resting spent in this place.
 E = Time spent auto-exploring this place.
 F = Levels seen in this place.
 G = Mean time per level.
                   A        B        C        D        E       F      G
               +--------+--------+--------+--------+--------+-----+--------+
         Total |   2025 |   1945 |     80 |    198 |   1097 |   3 |  675.0 |
       Dungeon |   2025 |   1945 |     80 |    198 |   1097 |   3 |  675.0 |
               +--------+--------+--------+--------+--------+-----+--------+

Top non-repeatable levels by time:
     D:1: 812 daAuts
     D:2: 676 daAuts
     D:3: 537 daAuts
